 Dungeon Crawl Stone Soup version 0.31.0-12-g77e489cdc1 (webtiles) character file.

Game seed: 9726349155282565884

98 RancidPinata the Sneak (level 4, -8/29 HPs)
             Began as a Gargoyle Delver on Feb 20, 2024.
             Mangled by an ogre
             ... wielding a +0 giant club
              (25 damage)
             ... on level 4 of the Dungeon.
             The game lasted 00:04:41 (1089 turns).

RancidPinata the Sneak (Gargoyle Delver)            Turns: 1089, Time: 00:04:42

Health: -8/29      AC:  6    Str: 17    XL:     4   Next: 69%
Magic:  4/4        EV: 11    Int: 11    God:
Gold:   12         SH:  0    Dex: 11    Spells: 3/3 levels left

rFire   . . .        a - +0 mace
rCold   . . .        (no shield)
rNeg    + . .        b - +0 leather armour
rPois   ∞            (no helmet)
rElec   +            (no cloak)
rCorr   .            (no gloves)
SInv    .            (no boots)
Will    .....        (no amulet)
Stlth   +++          (no ring)
HPRegen 0.24/turn    (no ring)
MPRegen 0.09/turn

%: no passive effects
@: hasted, very quick
A: sickness immunity, AC +3, negative energy resistance 1, electricity
resistance, torment resistance 1, petrification resistance
a: no special abilities


You were on level 4 of the Dungeon.
You visited 1 branch of the dungeon, and saw 3 of its levels.

You collected 12 gold pieces.

Inventory:

Hand Weapons
 a - a +0 mace (weapon)
Missiles
 e - 10 poisoned darts (quivered)
 h - 9 stones
Armour
 b - a +0 leather armour (worn)
Wands
 g - a wand of digging (3)
Scrolls
 c - a scroll of fog
 d - a scroll of revelation
Potions
 i - a potion of berserk rage {unknown}


   Skills:
 * Level 4.1 Fighting
 + Level 2.5 Maces & Flails
 * Level 2.2 Armour
 + Level 2.1 Dodging
 + Level 5.8 Stealth


You had 3 spell levels left.
You didn't know any spells.
Your spell library contained the following spells:

 Spells                   Type           Power      Damage    Failure   Level
 Dazzling Flash           Conj/Hex       0%         N/A       77%         3
 Mephitic Cloud           Conj/Alch/Air  0%         N/A       77%         3
 Curse of Agony           Necr           0%         N/A       100%        5
 Silence                  Hex/Air        0%         N/A       100%        5


Dungeon Overview and Level Annotations

Branches:
Dungeon (6/15)
 Temple: D:4-7

Altars:
Fedhas
Zin

Annotations:
D:6 Eustachio


Innate Abilities, Weirdness & Mutations

You are immune to sickness and miasma.
Your stone body is resilient. (AC +3)
You are immune to poison.
You resist negative energy. (rN+)
You are resistant to electric shocks. (rElec)
You are resistant to unholy torment.
You are immune to petrification.


Message History

The hound closely misses you. The hound bites you.
You hit the hound.
The hound is almost dead.
The hound closely misses you. The hound bites you but does no damage.
You barely miss the hound.
The hound is almost dead.
The hound bites you but does no damage. The hound bites you.
You hit the hound.
You kill the hound!
Your Armour skill increases to level 2!
You barely miss the hobgoblin.
The hobgoblin is almost dead.
The hobgoblin barely misses you.
The hobgoblin hits you but does no damage.
You thump the hobgoblin!
You kill the hobgoblin!
You see here a hound corpse.
You start resting.
HP restored.
Found a sling.
A ball python comes into view.
There is a stone staircase leading down here.
You climb downwards.
There is a stone staircase leading up here.
You climb upwards.
There is a stone staircase leading down here.
There is a stone staircase leading down here.
You climb downwards.
The ogre hits you with a +0 giant club!
There is a stone staircase leading up here.
The ogre misses you.
You climb upwards.
There is a stone staircase leading down here.
You barely miss the ogre. The ogre barely misses you.
Okay, then.
You feel yourself speed up.
You sock the ogre!
The ogre is moderately wounded.
The ogre hits you with a +0 giant club!!
Ouch! That really hurt!
You die...

.####..###########.######
. #...................##
#.######.###.............#
#......#.##...>...........
######.÷.##...............
######...............
#..........<....
#O..............
#.@.............
##.............#
##.....#.....##
#############


You could see an ogre.

Vanquished Creatures
  A jelly (D:4)
  A hound (D:4)
  2 adders (D:4)
  An orc (D:5)
  2 ball pythons (D:4)
  An endoplasm (D:4)
  2 goblins (D:4)
  2 hobgoblins (D:4)
  4 jackals (D:4)
  A quokka (D:5)
17 creatures vanquished.

Notes
Turn   | Place    | Note
-------+----------+-------------------------------------------
     0 | D:5      | RancidPinata the Gargoyle Delver began the quest for the
                  | Orb.
     0 | D:5      | Reached XP level 1. HP: 14/14 MP: 1/1
    12 | D:6      | Noticed a centaur
    12 | D:6      | Noticed a howler monkey
    31 | D:6      | Found a blossoming altar of Fedhas.
    33 | D:6      | Noticed Eustachio
    34 | D:6      | Noticed a crimson imp
    34 | D:6      | Noticed a quasit
    57 | D:5      | Found a glowing silver altar of Zin.
    93 | D:5      | Noticed an ogre
   101 | D:5      | Noticed a hound
   175 | D:5      | Noticed a howler monkey
   209 | D:5      | Noticed a hound
   216 | D:5      | Noticed a scorpion
   276 | D:5      | Found the +8 demon blade "Leech" {evervamp, Harm ^Drain
                  | rN+}
   277 | D:5      | Noticed a hound
   525 | D:4      | Reached skill level 1 in Armour
   525 | D:4      | Reached XP level 2. HP: 18/19 MP: 2/2
   861 | D:4      | Reached XP level 3. HP: 23/23 MP: 3/3
   914 | D:4      | Noticed a black bear
   930 | D:4      | Reached XP level 4. HP: 22/29 MP: 4/4
   990 | D:4      | Noticed a black bear
  1089 | D:4      | Mangled by an ogre

Illustrated notes

Levels and vault maps discovered:
D:4:      layout_rooms, ebering_ghost_disaster_area
D:5:      nicolae_cairo_tiling_very_big, layout_basic, general_overflow_altar,
          kennysheep_mini_moat, hangedman_decor_growths,
          nicolae_concentric_dashed_squares_mild
D:6:      layout_loops_ring, fedhas_altar_fruit_tree, lemuel_round_altar,
          minmay_temple_entry_overgrown, uniq_eustachio

Skill      XL: |  1  2  3  4 |
---------------+-------------+-----
Armour         | 1 2 |  2.2
Fighting       | 4 |  4.1
Dodging        | 2 |  2.1
Maces & Flails | |  2.5
Stealth        | |  5.8

Action                     |  1- 3 |  4- 6 || total
---------------------------+-------+-------++-------
  Melee: Mace              |    49 |    17 ||    66
    Use: Scroll            |     1 |       ||     1
         Potion            |       |     1 ||     1
   Stab: Sleeping          |     3 |       ||     3
 Armour: Leather armour    |    55 |    12 ||    67
  Dodge: Dodged            |    45 |    17 ||    62
